Map: Königsstrand LE

Players

Pkh - Winner!

  • Race: Zerg Zerg
  • League: Gold
  • Spawn Location: 11:00

K.I.-2 (Extrem)

  • Race: Terran Terran
  • Spawn Location: 5:00

VOD

Have the link to the VOD?

Description

Time

  • Played on: March 12, 2019, 5:36 p.m.
  • Length: 15:40
Show
View Real Time Build Order
Export as new Build Order

Pkh Zerg - Winner!

Build Orders: Hatch First 

Get SALT Encoding   

  12  0:00  Drone  
  13  0:13  Overlord  
  13  0:19  Drone  
  14  0:31  Drone x2  
  16  0:37  Drone  
  17  0:57  Hatchery  
  17  0:58  Drone  
  17  1:01  Drone  
  18  1:12  Extractor  
  17  1:19  Spawning Pool  
  17  1:20  Drone  
  17  1:23  Drone  
  18  1:28  Drone  
  19  1:40  Drone  
  20  1:54  Overlord  
  20  2:00  Drone  
  21  2:06  Hatchery  
  20  2:10  Drone  
  20  2:13  Queen  
  23  2:17  Zergling x2  
  24  2:23  Drone  
  24  2:27  Metabolic Boost  
  25  2:30  Drone  
  25  2:33  Drone  
  25  2:36  Drone  
  28  2:41  Drone  
  29  2:48  Queen  
  31  2:53  Pneumatized Carapace  
  31  2:56  Drone  
  32  3:00  Overlord  
  32  3:09  Roach Warren  
  31  3:13  Overlord  
  31  3:15  Drone  
  32  3:21  Zergling x4  
  32  3:23  Drone  
  35  3:29  Queen  
  35  3:32  Drone  
  38  3:36  Drone x2  
  40  3:48  Drone x2  
  42  3:50  Drone  
  42  3:52  Drone x2  
  42  3:55  Spore Crawler, Extractor  
  43  3:56  Extractor  
  43  3:59  Lair  
  41  4:04  Drone x2  
  41  4:09  Baneling Nest  
  42  4:10  Drone  
  42  4:12  Drone  
  42  4:15  Drone  
  42  4:16  Drone  
  46  4:22  Drone  
  46  4:23  Drone x2, Zergling x2  
  50  4:26  Drone  
  50  4:27  Drone  
  52  4:31  Drone  
  52  4:33  Drone x2  
  52  4:34  Drone  
  52  4:35  Drone  
  52  4:37  Drone  
  58  4:40  Overlord  
  58  4:49  Overlord  
  58  4:56  Overlord  
  58  4:57  Overlord  
  58  4:59  Overlord  
  57  5:09  Evolution Chamber  
  57  5:12  Drone x2, Evolution Chamber  
  57  5:14  Zergling x6  
  57  5:15  Baneling  
  57  5:16  Overseer, Baneling x2  
  57  5:18  Drone x2  
  57  5:20  Zergling x2  
  63  5:22  Drone  
  63  5:23  Zergling x2  
  63  5:24  Drone  
  63  5:25  Drone  
  63  5:26  Drone  
  63  5:27  Drone  
  63  5:28  Drone  
  70  5:31  Drone, Queen  
  70  5:32  Overlord  
  73  5:37  Centrifical Hooks  
  73  5:40  Zerg Melee Weapons Level 1, Glial Reconstitution  
  73  5:49  Zerg Ground Armor Level 1  
  73  5:50  Overlord  
  73  5:51  Overlord  
  73  5:58  Overlord  
  73  6:01  Roach x3, Zergling x2  
  73  6:02  Overlord  
  73  6:03  Overlord  
  79  6:06  Extractor  
  79  6:07  Drone, Extractor  
  79  6:08  Drone x2  
  80  6:13  Drone x2  
  80  6:17  Zergling x2  
  83  6:19  Extractor  
  83  6:25  Drone  
  83  6:27  Drone x2  
  83  6:28  Infestation Pit  
  83  6:29  Roach x2  
  83  6:32  Hatchery  
  87  6:33  Drone  
  87  6:34  Overseer  
  87  6:35  Spine Crawler  
  87  6:44  Zergling x2  
  88  6:48  Drone  
  89  6:59  Roach x3, Overlord  
  95  7:04  Zergling x4  
  95  7:05  Roach, Zergling x2  
  95  7:06  Roach x3  
  101  7:09  Hive  
  101  7:15  Overlord  
  101  7:19  Drone  
  102  7:35  Overlord x2, Hydralisk Den  
  101  7:48  Hatchery  
  101  7:50  Overlord  
  100  7:52  Overlord  
  100  7:53  Queen  
  100  7:54  Drone  
  100  7:56  Pathogen Glands  
  103  7:59  Zerg Ground Armor Level 2  
  103  8:00  Zerg Missile Weapons Level 1  
  103  8:05  Grooved Spines  
  103  8:07  Overlord  
  103  8:22  Overlord  
  103  8:24  Zergling x6  
  103  8:25  Drone, Zergling x2  
  108  8:32  Hydralisk, Zergling x4  
  108  8:33  Roach x6, Hydralisk x3  
  108  8:34  Roach x3  
  136  8:45  Drone  
  136  8:48  Extractor  
  134  8:57  Extractor  
  134  8:59  Drone, Overlord x2  
  134  9:00  Drone  
  134  9:01  Drone  
  134  9:04  Drone  
  134  9:05  Roach  
  134  9:06  Roach x6  
  134  9:09  Zergling x14  
  156  9:10  Zergling x4  
  156  9:16  Hydralisk  
  158  9:17  Roach x2  
  158  9:20  Drone, Overlord  
  158  9:21  Roach  
  165  9:29  Hydralisk  
  165  9:30  Roach  
  133  9:39  Roach, Hydralisk x4  
  133  9:40  Roach x2  
  115  9:46  Roach, Hydralisk x4  
  115  9:47  Roach x3  
  115  9:49  Hydralisk  
  115  9:50  Roach  
  135  9:54  Drone x2  
  135  9:55  Hydralisk  
  135  9:56  Roach  
  141  10:02  Muscular Augments  
  141  10:05  Drone  
  141  10:06  Drone x2  
  144  10:07  Drone  
  144  10:08  Drone x3  
  148  10:16  Roach, Hydralisk x2  
  148  10:17  Roach x3  
  160  10:25  Zergling x12  
  166  10:29  Ravager  
  166  10:33  Drone x2  
  169  10:39  Drone  
  170  10:46  Roach, Hydralisk x3  
  170  10:47  Roach x3  
  165  11:17  Roach, Hydralisk x5  
  165  11:18  Roach x7, Hydralisk x3  
  159  11:32  Roach, Hydralisk x2  
  165  11:33  Roach, Hydralisk x4  
  165  11:34  Roach x3  
  165  11:39  Drone  
  182  11:41  Drone  
  182  11:42  Roach, Hydralisk  
  187  12:04  Ultralisk Cavern  
  172  12:35  Hydralisk x4  
  172  12:36  Roach x5, Hydralisk x6  
  172  12:37  Roach x4  
  200  13:16  Hydralisk  
  200  13:17  Roach  
  200  13:41  Chitinous Plating  
  200  14:19  Overlord  
Show
View Real Time Build Order
Export as new Build Order

K.I.-2 (Extrem) Terran 

Build Orders:  

Get SALT Encoding   

  12  0:00  SCV  
  13  0:13  SCV  
  14  0:19  Supply Depot  
  14  0:25  SCV  
  15  0:30  Refinery  
  15  0:41  SCV  
  16  0:49  Barracks  
  16  0:53  SCV  
  17  1:05  SCV  
  17  1:10  Supply Depot  
  18  1:17  SCV  
  19  1:29  SCV  
  20  1:39  Marine, Factory  
  21  1:47  Barracks, SCV  
  22  1:57  Marine  
  22  1:59  SCV  
  24  2:06  Supply Depot  
  24  2:11  SCV  
  24  2:14  Marine  
  26  2:23  SCV  
  26  2:25  Factory Tech Lab  
  27  2:32  Marine  
  27  2:35  SCV  
  29  2:37  Marine  
  30  2:45  Siege Tank  
  30  2:47  SCV  
  34  3:08  SCV, Command Center  
  35  3:21  Orbital Command, Refinery  
  35  3:39  Marine  
  35  3:40  Factory  
  36  3:42  Marine  
  36  3:47  SCV  
  37  3:59  SCV  
  37  4:11  SCV  
  38  4:23  SCV  
  39  4:25  Supply Depot, Factory Tech Lab  
  39  4:29  SCV  
  40  4:33  Siege Tank  
  40  4:35  SCV  
  44  4:41  SCV  
  45  4:47  SCV, Siege Tank  
  49  4:53  SCV, Supply Depot  
  49  4:54  Marine  
  49  4:59  SCV  
  52  5:01  Barracks Tech Lab  
  52  5:06  SCV  
  53  5:10  Refinery  
  53  5:11  Marine  
  53  5:12  SCV  
  53  5:13  Refinery  
  55  5:18  SCV  
  55  5:19  Marine  
  57  5:21  Stimpack  
  57  5:24  SCV  
  58  5:29  Marine  
  58  5:30  SCV  
  58  5:31  Barracks  
  60  5:36  SCV  
  60  5:37  Marauder  
  60  5:38  Siege Tank  
  60  5:42  SCV  
  67  5:44  Supply Depot  
  67  5:48  Barracks Tech Lab  
  67  5:53  SCV  
  67  5:54  SCV  
  69  6:05  SCV  
  69  6:06  Marine, SCV, Marauder  
  69  6:08  Supply Depot  
  74  6:16  Combat Shield  
  74  6:17  SCV  
  75  6:18  SCV  
  75  6:19  Marine  
  75  6:22  Engineering Bay  
  77  6:26  Marine  
  77  6:29  Engineering Bay, Command Center  
  77  6:30  SCV, Marauder  
  81  6:38  Barracks Reactor  
  81  6:39  Supply Depot  
  81  6:44  SCV  
  81  6:45  Marauder  
  81  6:46  SCV  
  84  6:49  Terran Infantry Weapons Level 1  
  84  6:51  Marauder  
  86  6:54  Terran Infantry Armor Level 1  
  89  7:01  Hellion x2  
  89  7:05  Supply Depot  
  89  7:06  Marauder  
  91  7:13  Marauder  
  93  7:30  Armory  
  93  7:32  Supply Depot  
  93  7:34  Concussive Shells, Marauder  
  95  7:47  Marauder  
  95  7:48  Armory  
  97  7:55  SCV x3, Marauder  
  102  8:07  SCV  
  102  8:08  SCV  
  102  8:09  Missile Turret, Orbital Command  
  103  8:14  Marauder  
  103  8:17  Marauder  
  103  8:18  Terran Vehicle And Ship Armor Level 1  
  103  8:19  SCV  
  108  8:20  SCV  
  109  8:27  Supply Depot  
  109  8:30  Hellion  
  109  8:31  SCV  
  109  8:32  SCV  
  113  8:34  SCV  
  113  8:35  Terran Vehicle Weapons Level 1, Marauder  
  116  8:43  Missile Turret, SCV  
  116  8:44  SCV  
  116  8:46  SCV  
  119  8:50  Supply Depot  
  119  8:54  Terran Infantry Weapons Level 2  
  119  8:55  SCV  
  120  8:56  SCV  
  120  8:58  SCV  
  122  9:05  Missile Turret  
  122  9:07  Missile Turret, SCV  
  122  9:09  Orbital Command  
  123  9:13  Barracks  
  123  9:18  Supply Depot  
  123  9:21  Missile Turret  
  123  9:23  Starport  
  123  9:28  Missile Turret, Marine  
  123  9:30  Marine  
  125  9:34  Marine x2  
  115  9:41  Hellion  
  90  9:45  Hellion  
  90  9:46  Marauder  
  90  9:48  Marauder  
  90  9:52  Marine x2  
  86  9:58  Missile Turret  
  87  10:00  Marine  
  87  10:01  Starport Reactor  
  87  10:02  Widow Mine  
  87  10:06  Siege Tank  
  93  10:08  Marauder  
  93  10:09  Marine  
  93  10:10  Marine  
  93  10:11  Marine  
  98  10:17  Marine  
  98  10:19  Hi-Sec Auto Tracking  
  99  10:23  Widow Mine  
  99  10:24  Starport  
  99  10:26  Command Center  
  99  10:27  Marauder  
  99  10:28  Marine  
  106  10:36  Marine, Marauder  
  106  10:37  Marine  
  106  10:38  Medivac, Siege Tank  
  113  10:45  Widow Mine, Medivac  
  113  10:46  Marine  
  113  10:49  Marauder  
  120  10:54  Marine  
  123  10:57  Marauder  
  123  10:59  Marine, Starport Tech Lab  
  123  11:01  Supply Depot  
  123  11:04  Marine  
  123  11:06  Siege Tank  
  123  11:08  Medivac  
  123  11:09  Marine  
  123  11:10  Neosteel Armor  
  123  11:11  Widow Mine  
  126  11:13  Barracks Tech Lab  
  126  11:17  Marine  
  126  11:18  Marine  
  110  11:22  Marine  
  90  11:28  Marauder  
  90  11:31  Marine, Medivac  
  90  11:32  Siege Tank  
  90  11:35  Marine  
  90  11:36  Marine  
  90  11:38  Hellion  
  90  11:39  SCV  
  95  11:40  Marine, SCV  
  95  11:43  SCV  
  95  11:44  Starport, SCV  
  95  11:46  Barracks  
  99  11:49  Marauder x2  
  99  11:51  SCV  
  99  11:52  SCV  
  99  11:53  Marine  
  108  11:54  Marauder  
  108  11:55  SCV  
  108  11:57  Marine  
  108  11:59  Siege Tank  
  113  12:04  Widow Mine  
  115  12:10  Marine  
  115  12:11  Marine, Marauder  
  115  12:12  Planetary Fortress  
  115  12:13  Missile Turret  
  115  12:15  Marine x2  
  109  12:16  SCV  
  109  12:20  SCV  
  109  12:21  SCV  
  97  12:25  Siege Tank  
  97  12:26  Refinery  
  97  12:27  Refinery  
  97  12:28  Marine, SCV, Marauder  
  101  12:31  Siege Tank  
  101  12:32  SCV, Marauder  
  101  12:33  Marine x2  
  93  12:37  SCV  
  87  12:45  Starport  
  87  12:46  Marine, SCV  
  87  12:49  Marine  
  87  12:50  SCV x2  
  87  12:51  Marine, Marauder  
  85  12:53  Marauder  
  87  12:58  SCV  
  87  13:04  Marine  
  86  13:08  Marauder  
  86  13:09  Marine, SCV  
  86  13:12  Marine, SCV  
  81  13:13  Command Center  
  81  13:15  Marauder  
  81  13:16  SCV  
  73  13:21  SCV  
  73  13:22  Marine  
  73  13:24  SCV  
  69  13:28  Marine, SCV  
  69  13:30  Marine  
  65  13:35  Starport Tech Lab  
  65  13:36  Marine  
  63  13:50  Supply Depot  
  62  13:58  Supply Depot  
  58  14:05  Supply Depot  
  58  14:15  Barracks  
  58  14:24  Marine  
  58  14:25  SCV x3  
  58  14:28  Factory  
  60  14:35  Supply Depot  
  60  14:37  SCV x2  
  60  14:39  Engineering Bay  
  60  14:49  SCV  
  53  14:53  SCV  
  44  15:01  SCV  
  44  15:05  SCV  
  44  15:13  SCV  
Tags
 
League
Gold
Matchup
TvZ
Spawn Locations
Cross Positions
Add a new tag
Caveats
  • Supply blocks, unpowered buildings, or Contaminate may cause inaccurate times.
  • Supply counts are checked every 10 seconds.